 Dungeon Crawl Stone Soup version 0.28-a0-1506-g3893175d92 (webtiles) character file.

Game seed: 3609852885445119906

0 comborobin the Sneak (level 1, -1/21 HPs)
             Began as a Naga Delver on Jan 14, 2022.
             Slain by a gnoll (9 damage)
             ... on level 4 of the Dungeon.
             The game lasted 00:00:17 (71 turns).

comborobin the Sneak (Naga Delver)                    Turns: 71, Time: 00:00:18

Health: -1/21      AC:  1    Str: 14    XL:     1   Next: 10%
Magic:  1/1        EV:  9    Int: 10    God:
Gold:   0          SH:  0    Dex: 12    Spells: 0/0 levels left

rFire   . . .      SeeInvis +   a - +0 short sword
rCold   . . .      Faith    .   (no shield)
rNeg    . . .      Spirit   .   b - +0 leather armour
rPois   +          Reflect  .   (no helmet)
rElec   .          Harm     .   (no cloak)
rCorr   .          Rampage  .   (no gloves)
Will    .....                   (no barding)
Stlth   +++.......              (no amulet)
HPRegen 0.07/turn               (no ring)
MPRegen 0.07/turn               (no ring)

@: very slow
A: AC +0, large, see invisible, deformed body, poison resistance, slowness 2,
spit poison 1, naga tail 1
a: Spit Poison


You were on level 4 of the Dungeon.
You visited 1 branch of the dungeon, and saw 3 of its levels.

Inventory:

Hand Weapons
 a - a +0 short sword (weapon)
Armour
 b - a +0 leather armour (worn)
Wands
 g - a wand of digging (3)
Scrolls
 c - a scroll of fog
Potions
 f - a potion of haste


   Skills:
 - Level 3.0 Fighting
 + Level 2.0 Short Blades
 - Level 1.5 Dodging
 - Level 7.2 Stealth


You couldn't memorise any spells.
You didn't know any spells.
Your spell library was empty.

Dungeon Overview and Level Annotations

Branches:
Dungeon (6/15)
 Temple: D:4-7

Altars:


Innate Abilities, Weirdness & Mutations

Your serpentine skin is tough. (AC +0)
You have supernaturally acute eyesight. (SInv)
Armour fits poorly on your strangely shaped body.
Your system is resistant to poisons. (rPois)
You cover ground very slowly.
You can spit poison.
You have a snake-like lower body.


Message History

There is a stone staircase leading up here.
You climb upwards.
Found a fizzy white potion.
There is a stone staircase leading down here.
An orc comes into view. It is wielding a +0 club.
The helpless ball python fails to defend itself.
You impale the ball python!!
You kill the ball python!
An orc wizard comes into view. It is wielding a +0 dagger.
A gnoll comes into view. It is wielding a +0 club.
A kobold comes into view. It is wielding a +0 short sword.
There is a stone staircase leading down here.
Okay, then.
A hound and a gnoll come into view.
Found a robe.
The gnoll shouts!
You hear a shout! x2; The hound barks!
The gnoll shouts!
You hear a shout! x3
A gnoll comes into view. It is wielding a +0 spear.
The gnoll shouts!
The hound barely misses you.
A gnoll comes into view. It is wielding a +0 flail.
A gnoll comes into view. It is wielding a +0 spear.
The hound bites you. The gnoll hits you with a +0 club.
The gnoll moves out of view.
As you read the scroll of fear, it crumbles to dust.
You assume a fearsome visage.
The hound looks frightened!
The gnoll looks frightened! x4
A gnoll shaman comes into view. It is wielding a +0 club.
Found 15 gold pieces.
An orc comes into view. It is wielding a +0 dagger.
Cornered, the gnoll turns to fight!
An orc comes into view. It is wielding a +0 mace.
Found 23 sling bullets.
The kobold barely misses you.
An orc comes into view. It is wielding a +0 short sword.
Okay, then.
The gnoll seems to regain its courage.
The kobold hits you with a +0 short sword.
The gnoll hits you with a +0 whip!
You die...

#.... #.... ####....##
#...# ##........#
##...## #..........
....[####..#.......
#...#..##..#.......
#$..............# .
#.@##.#........###.
#..#Kg#..............
#... ##g........>....##
#.. ##.#..........#....
#....#..##........#####K
#(..........g....#.# .
#..#......##.......g.. #
#.......#.......##.
#.........o.###...# .#


You could see a gnoll shaman, 2 gnolls and a kobold.

Vanquished Creatures
  A ball python (D:4)
1 creature vanquished.

Notes
Turn   | Place    | Note
-------+----------+-------------------------------------------
     0 | D:5      | comborobin the Naga Delver began the quest for the Orb.
     0 | D:5      | Reached XP level 1. HP: 21/21 MP: 1/1
    51 | D:4      | Noticed an orc wizard
    57 | D:4      | Noticed a hound
    60 | D:4      | Noticed a gnoll shaman
    71 | D:4      | Slain by a gnoll

Illustrated notes

Levels and vault maps discovered:
D:4:      layout_cave_pools, minmay_fractal_squares_5
D:5:      layout_basic, mainiacjoe_overflow_alcove_4, portal_sewer_entry_f,
          grunt_decor_junction
D:6:      layout_basic, minmay_temple_entry_statues

Action                   || total
-------------------------++-------
Melee: Short sword       ||     1
  Use: Scroll            ||     2
 Stab: Sleeping          ||     1
Dodge: Dodged            ||     2

Table legend: (Time is in decaauts)
 A = Elapsed time spent in this place.
 B = Non-inter-level travel time spent in this place.
 C = Inter-level travel time spent in this place.
 D = Time resting spent in this place.
 E = Time spent auto-exploring this place.
 F = Levels seen in this place.
 G = Mean time per level.
                   A        B        C        D        E       F      G
               +--------+--------+--------+--------+--------+-----+--------+
         Total |     95 |     45 |     50 |      0 |      0 |   3 |   31.7 |
       Dungeon |     95 |     45 |     50 |      0 |      0 |   3 |   31.7 |
               +--------+--------+--------+--------+--------+-----+--------+

Top non-repeatable levels by time:
     D:5: 59 daAuts
     D:4: 34 daAuts
     D:6: 1 daAuts
